 Dungeon Crawl Stone Soup version 0.28.0 (webtiles) character file.

Game seed: 2304577831841053265

13403 willcat the Thaumaturge (level 11, -8/58 (60) HPs)
             Began as a Deep Elf Earth Elementalist on Feb 10, 2022.
             Was a High Priest of Sif Muna.
             Killed from afar by Jorgrun (40 damage)
             ... with an iron shot
             ... on level 1 of the Orcish Mines.
             The game lasted 00:24:57 (14690 turns).

willcat the Thaumaturge (DEEE)                     Turns: 14690, Time: 00:24:57

HP:   -8/58 (60)    AC: 17    Str:  5    XL:     11   Next: 75%
MP:   0/27          EV: 10    Int: 25    God:    Sif Muna [*****.]
Gold: 1564          SH:  5    Dex: 17    Spells: 18/30 levels left

rFire   + . .      SeeInvis .   o - +5 short sword (venom)
rCold   . . .      Faith    .   b - +0 buckler
rNeg    + . .      Spirit   +   F - +4 troll leather armour
rPois   .          Reflect  .   j - +1 helmet
rElec   .          Harm     .   (no cloak)
rCorr   .          Rampage  .   d - +2 pair of gloves
Will    +....                   (no boots)
Stlth   +++.......              J - amulet "Athruar" {Spirit rF+ Dex+2}
HPRegen 0.99/turn               i - ring of positive energy
MPRegen 0.20/turn               u - +4 ring of protection

@: silenced (expiring), grasped by roots, constricted, lightly drained
A: no striking features
a: Renounce Religion


You were on level 1 of the Orcish Mines.
You worshipped Sif Muna.
Sif Muna was extremely pleased with you.
You visited 2 branches of the dungeon, and saw 11 of its levels.
You also visited: Ossuary and Bailey.

You collected 1564 gold pieces.

Inventory:

Hand Weapons
 o - a +5 short sword of venom (weapon)
 O - the +8 broad axe "Higonoff" {flame, rC+ Will+ Str-2 SInv}
   (You found it on level 8 of the Dungeon)

   It burns those it strikes, dealing additional fire damage.
   Big, fiery blades are also staple armaments of hydra-hunters.
   Str:       It affects your strength (-2).
   rC:        It protects you from cold.
   SInv:      It lets you see invisible.
   Will:      It increases your willpower.
Missiles
 c - 219 stones
 L - a throwing net
Armour
 b - a +0 buckler (worn)
 d - a +2 pair of gloves (worn)
 j - a +1 helmet (worn)
 t - a +1 leather armour of cold resistance
 F - a +4 troll leather armour (worn)
 Q - a +2 leather armour of poison resistance
Jewellery
 i - a ring of positive energy (left hand)
 u - a +4 ring of protection (right hand)
 H - an amulet of reflection
 J - the amulet "Athruar" (around neck) {Spirit rF+ Dex+2}
   (You acquired it in a bailey)

   [amulet of guardian spirit]

   It causes incoming damage to be divided between your reserves of health and
   magic.
   Dex:       It affects your dexterity (+2).
   rF:        It protects you from fire.
Wands
 e - a wand of polymorph (9)
 g - a wand of paralysis (25)
 k - a wand of digging (5)
 B - a wand of acid (2)
Scrolls
 a - 3 scrolls of fog
 h - 2 scrolls of teleportation
 l - a scroll of blinking {unknown}
 r - 2 scrolls of magic mapping
 s - a scroll of immolation
 y - a scroll of enchant weapon {unknown}
 C - a scroll of fear
 E - a scroll of amnesia {unknown}
 N - a scroll of torment {unknown}
Potions
 m - 3 potions of ambrosia
 n - 4 potions of curing
 p - a potion of haste {unknown}
 v - a potion of flight
 w - 4 potions of invisibility
 x - 2 potions of brilliance {unknown}
 z - 5 potions of lignification {unknown}
 A - 5 potions of heal wounds {unknown}
 D - 2 potions of might
 G - a potion of experience {unknown}
 I - 3 potions of mutation {unknown}
 K - a potion of cancellation {unknown}
 P - 2 potions of magic {unknown}


   Skills:
 - Level 3.1 Fighting
 + Level 6.6 Short Blades
 + Level 3.5 Armour
 - Level 5.6 Dodging
 + Level 9.1 Stealth
 + Level 3.3 Shields
 + Level 10.3 Spellcasting
 - Level 2.6 Conjurations
 + Level 7.1 Hexes
 - Level 6.7 Transmutations
 + Level 8.9 Earth Magic
 - Level 2.5 Invocations
 - Level 2.6 Evocations


You had 18 spell levels left.
You knew the following spells:

 Your Spells              Type           Power      Damage    Failure   Level
a - Sandblast             Erth           100%       2d20      1%          1
b - Stone Arrow           Conj/Erth      82%        3d12      2%          3
c - Petrify               Tmut/Erth      51%        N/A       4%          4
d - Cause Fear            Hex            24%        N/A       5%          4

Your spell library contained the following spells:

 Spells                   Type           Power      Damage    Failure   Level
 Passwall                 Tmut/Erth      42%        N/A       1%          2
 Ensorcelled Hibernation  Hex/Ice        60%        N/A       3%          2
 Inner Flame              Hex/Fire       30%        N/A       7%          3
 Animate Skeleton         Necr           24%        N/A       10%         1
 Gell's Gravitas          Tloc           12%        N/A       30%         3
 Lesser Beckoning         Tloc           12%        N/A       30%         3
 Swiftness                Air            12%        N/A       30%         3
 Teleport Other           Tloc           12%        N/A       30%         3
 Silence                  Hex/Air        15%        N/A       54%         5
 Iskenderun's Battlesphe  Conj           25%        2d8       67%         5
 Passage of Golubria      Tloc           12%        N/A       69%         4
 Iron Shot                Conj/Erth      20%        9d5       82%         6
 Agony                    Necr           12%        N/A       95%         5
 Summon Forest            Summ/Tloc      6%         N/A       95%         5
 Eringya's Noxious Bog    Tmut/Pois      14%        N/A       98%         6
 Simulacrum               Ice/Necr       6%         N/A       100%        6
 Haunt                    Necr/Summ      6%         N/A       100%        7
 Spellforged Servitor     Conj/Summ      9%         N/A       100%        7
 Summon Hydra             Summ           6%         N/A       100%        7
 Discord                  Hex            24%        N/A       100%        8
 Lehudib's Crystal Spear  Conj/Erth      20%        10d6      100%        8


Dungeon Overview and Level Annotations

Branches:
Dungeon (9/15)             Temple (0/1) D:6            Lair (0/6) D:8
    Orc (2/2) D:9             Elf (0/3) Orc:2       Ossuary (visited)
 Bailey (visited)

Altars:
Dithmenos
Fedhas
Gozag
Kikubaaqudgha
Qazlal
Ru
Sif Muna
Yredelemnul
Zin
Beogh

Annotations:
D:7 3 runed translucent doors, BeingJoeMalik's ghost, novice VSFi
Orc:1 2 runed translucent doors, Jorgrun; Mauttuto's ghost, journeyman OpWn


Message History

You completely miss Jorgrun.
Jorgrun is lightly wounded.
Jorgrun hits you with a +0 vorpal quarterstaff.
You hit Jorgrun.
Jorgrun is lightly wounded.
Jorgrun hits you with a +0 vorpal quarterstaff!
You hit Jorgrun.
Jorgrun is moderately wounded.
Jorgrun hits you but does no damage.
You puncture Jorgrun!
Jorgrun is moderately wounded.
The sentinel's mark upon you fades away.
Jorgrun hits you but does no damage.
You miss Jorgrun.
Jorgrun is moderately wounded.
You barely miss Jorgrun.
Jorgrun is moderately wounded.
You block Jorgrun's attack.
You hit Jorgrun.
Jorgrun is moderately wounded.
Jorgrun completely misses you.
You hit Jorgrun but do no damage.
Jorgrun looks as sick as possible!
Jorgrun is moderately wounded.
You block Jorgrun's attack.
You barely miss Jorgrun.
Jorgrun is moderately wounded.
Jorgrun hits you with a +0 vorpal quarterstaff!!
You barely miss Jorgrun.
Jorgrun is moderately wounded.
You closely miss Jorgrun.
Jorgrun is moderately wounded.
Jorgrun points at you and mumbles some strange words.
Roots burst forth from the earth!
The grasping roots grab you! The grasping roots constrict you!
The roots' grasp on you weakens, but your attempt to escape fails.
Jorgrun casts a spell at you. The iron shot hits you!!!
Ouch! That really hurt!
You die...

.# #####
#....).. .# #.#
##...... ####
#.## #......
.#.### #.##
##.#... #.##.##
#####.### ####..
......#
##.##.#.#.# ###
......#
#........# # #
......###
##...g#....#.# #
...#....#
#...@##...#.#.#
....#...#
#...#.##..)>.#
.......##
#......#.......
.....###
#........##.####
....##
#...##.........
....# ##.#
#....##.## #.###
## #...##### ###
##.## ###


You could see Jorgrun (extremely poisoned).

Vanquished Creatures
  Harold (D:7)
  A two-headed ogre (D:9)
  5 orc knights
  An orc sorcerer (Orc:2)
  A deep elf pyromancer (D:6)
  An ugly thing (D:8)
  2 kobold demonologists (Bailey)
  4 trolls
  A steam dragon (D:8)
  Menkaure (D:5)
  A warg (Orc:2)
  3 water moccasins
  An acid dragon (D:9)
  A sky beast (D:8)
  A swamp drake (D:9)
  2 black bears (D:5)
  18 orc warriors
  A hornet zombie (D:6)
  5 ogres
  An ice beast (D:8)
  5 centaurs
  A phantom (D:5)
  A kobold brigand (D:8)
  6 bullfrogs
  2 gnoll sergeants
  5 scorpions
  2 killer bees
  14 wights
  An electric eel (Bailey)
  4 howler monkeys (D:9)
  2 bullfrog zombies
  A centaur zombie (D:9)
  3 gnoll shamans
  A centaur skeleton (D:4)
  2 hounds (D:6)
  9 orc priests
  4 jellies
  A bullfrog skeleton (D:7)
  6 iguanas
  14 orc wizards
  A killer bee zombie (D:7)
  2 hound skeletons
  8 mummies (Ossuary)
  Robin (D:3)
  9 adders
  23 gnolls
  A howler monkey skeleton (D:7)
  A shadow imp (D:6)
  A white imp (D:8)
  2 ufetubi
  A worm (D:3)
  3 dart slugs
  60 orcs
  3 ball pythons
  11 endoplasms
  3 giant cockroaches
  2 gnoll zombies (Ossuary)
  25 goblins
  19 hobgoblins
  2 quokkas
  7 bats
  2 frilled lizards
  A goblin zombie (D:7)
  A hobgoblin zombie (Ossuary)
  6 kobolds
  2 kobold zombies (Ossuary)
  3 orc zombies (Ossuary)
  5 rats
  A rat zombie (D:7)
342 creatures vanquished.

Vanquished Creatures (others)
  A human (D:3)
1 creature vanquished.

Grand Total: 343 creatures vanquished

Notes
Turn   | Place    | Note
-------+----------+-------------------------------------------
     0 | D:1      | willcat the Deep Elf Earth Elementalist began the quest for
                  | the Orb.
     0 | D:1      | Reached XP level 1. HP: 10/10 MP: 6/6
   832 | D:1      | Reached XP level 2. HP: 11/15 MP: 6/8
  1439 | D:2      | Reached XP level 3. HP: 19/19 MP: 7/10
  1440 | D:2      | Found a faded altar of an unknown god.
  1573 | D:2      | Learned a level 3 spell: Stone Arrow
  1707 | D:2      | Reached skill level 4 in Spellcasting
  2248 | D:3      | Noticed Terence
  2251 | D:3      | Reached XP level 4. HP: 24/24 MP: 10/12
  2301 | D:3      | Noticed Robin
  2680 | D:3      | Killed Robin
  2681 | D:3      | Reached skill level 1 in Conjurations
  3034 | D:3      | Found an ancient bone altar of Kikubaaqudgha.
  3037 | D:3      | Noticed a human
  3038 | D:3      | Killed a human
  3096 | D:3      | Reached XP level 5. HP: 18/28 MP: 7/13
  3256 | D:3      | Found a shimmering blue altar of Sif Muna.
  3262 | D:3      | Found a stormy altar of Qazlal.
  3373 | D:3      | Became a worshipper of Sif Muna the Loreminder
  3586 | D:3      | Noticed Terence
  3586 | D:3      | Terence changed into Terence the endoplasm
  3591 | D:3      | Killed Terence the endoplasm
  3754 | D:4      | Noticed an ogre
  3765 | D:4      | Killed an ogre
  3766 | D:4      | Reached skill level 1 in Short Blades
  3766 | D:4      | Reached skill level 5 in Spellcasting
  3766 | D:4      | Reached XP level 6. HP: 32/32 MP: 11/15
  3817 | D:4      | Found a sacrificial altar of Ru.
  4047 | D:4      | Found a shadowy altar of Dithmenos.
  4459 | D:4      | Reached skill level 5 in Earth Magic
  5049 | D:5      | Entered Level 5 of the Dungeon
  5056 | D:5      | Reached XP level 7. HP: 36/36 MP: 11/17
  5266 | D:5      | Reached * piety under Sif Muna
  5419 | D:5      | Reached skill level 6 in Spellcasting
  5714 | D:5      | Noticed Menkaure
  5725 | D:5      | Killed Menkaure
  5726 | D:5      | Reached XP level 8. HP: 38/41 MP: 15/19
  6301 | D:6      | Reached skill level 5 in Transmutations
  6497 | D:6      | Reached skill level 1 in Fighting
  6497 | D:6      | Reached skill level 5 in Stealth
  6608 | D:6      | Noticed a deep elf pyromancer
  6613 | D:6      | Killed a deep elf pyromancer
  6614 | D:6      | Reached skill level 7 in Spellcasting
  6614 | D:6      | Reached skill level 1 in Invocations
  6614 | D:6      | Reached skill level 1 in Evocations
  6643 | D:6      | Learned a level 4 spell: Petrify
  6648 | D:6      | Learned a level 4 spell: Cause Fear
  6681 | D:6      | Reached XP level 9. HP: 31/47 MP: 17/21
  6839 | D:6      | Reached skill level 1 in Hexes
  7003 | D:6      | Found a staircase to the Ecumenical Temple.
  7033 | D:6      | Noticed a troll
  7049 | D:6      | Killed a troll
  7741 | D:7      | Found a glowing silver altar of Zin.
  7820 | D:7      | Found a sand-covered staircase.
  7835 | Ossuary  | Entered an ossuary
  7854 | Ossuary  | Reached ** piety under Sif Muna
  8368 | D:7      | Identified the +1 robe "Otopp" {Int+2}
  8427 | D:7      | Noticed a troll
  8786 | D:7      | Reached skill level 5 in Dodging
  8818 | D:7      | Noticed Harold
  8844 | D:7      | Killed Harold
  8845 | D:7      | Reached skill level 8 in Spellcasting
  9073 | D:7      | Reached XP level 10. HP: 43/52 MP: 22/24
  9342 | D:7      | Found a runed translucent gate.
  9342 | D:7      | Found a runed translucent gate.
  9342 | D:7      | Found a runed translucent gate.
  9342 | D:7      | Noticed BeingJoeMalik's ghost (novice VSFi)
  9344 | D:7      | Found a basalt altar of Yredelemnul.
 10353 | D:8      | Reached *** piety under Sif Muna
 10354 | D:8      | Reached skill level 5 in Short Blades
 10532 | D:8      | Found a blossoming altar of Fedhas.
 10533 | D:8      | Found a staircase to the Lair.
 10704 | D:8      | Reached skill level 1 in Armour
 10729 | D:8      | Found a flagged portal.
 10742 | Bailey   | Entered a bailey
 10767 | Bailey   | Noticed an orc knight
 10794 | Bailey   | Killed an orc knight
 10795 | Bailey   | Reached skill level 1 in Shields
 10902 | Bailey   | Reached skill level 9 in Spellcasting
 10919 | Bailey   | Noticed an orc knight
 10934 | Bailey   | Killed an orc knight
 10935 | Bailey   | Reached skill level 5 in Hexes
 11078 | Bailey   | Noticed an orc knight
 11113 | Bailey   | Killed an orc knight
 11175 | Bailey   | Noticed an orc knight
 11197 | Bailey   | Killed an orc knight
 11212 | Bailey   | Acquired the amulet "Athruar" {Spirit rF+ Dex+2}
 11305 | Bailey   | Found an iron altar of Okawaru.
 11330 | Bailey   | Reached **** piety under Sif Muna
 11331 | Bailey   | Reached XP level 11. HP: 54/59 MP: 17/26
 11705 | D:8      | Found an opulent altar of Gozag.
 11748 | D:8      | Noticed a brown ugly thing
 11961 | D:8      | Killed a brown ugly thing
 11966 | D:8      | Identified the +8 broad axe "Higonoff" {flame, rC+ Will+
                  | Str-2 SInv}
 12579 | D:9      | Reached ***** piety under Sif Muna
 12723 | D:9      | Found a staircase to the Orcish Mines.
 12767 | D:9      | Received a gift from Sif Muna
 12775 | D:9      | Got Ficrop's Catalogue of Black Rites {god gift}
 13001 | D:9      | Noticed a two-headed ogre
 13011 | D:9      | Killed a two-headed ogre
 13214 | Orc:1    | Entered Level 1 of the Orcish Mines
 13375 | Orc:1    | Found a large runed translucent door.
 13376 | Orc:1    | Found a large runed translucent door.
 13379 | Orc:1    | Noticed Mauttuto's ghost (journeyman OpWn)
 13696 | Orc:2    | Entered Level 2 of the Orcish Mines
 13700 | Orc:2    | Reached skill level 10 in Spellcasting
 13834 | Orc:2    | Noticed an orc sorcerer
 13851 | Orc:2    | Killed an orc sorcerer
 14077 | Orc:2    | Found a staircase to the Elven Halls.
 14264 | Orc:2    | Noticed an orc knight
 14320 | Orc:2    | Killed an orc knight
 14471 | Orc:2    | Noticed an orc sorcerer
 14482 | Orc:2    | Noticed a sun demon
 14483 | Orc:2    | Noticed a soul eater
 14662 | Orc:1    | Noticed Jorgrun
 14690 | Orc:1    | Killed from afar by Jorgrun

Illustrated notes

Levels and vault maps discovered:
D:1:      dpeg_arrival_oval, layout_basic
D:2:      layout_basic, ebering_ecumenical_altar_mist, minmay_pentomino_t2
D:3:      cheibrodos_greedy_goblins, layout_basic, tgw_kikubaaqudgha,
          mainiacjoe_overflow_large_starburst, minmay_misc_feat_pillars,
          uniq_terence, uniq_robin
D:4:      minmay_general_purpose_star, layout_basic, amcnicky_altar_gilded,
          lemuel_doored_altar
D:5:      layout_loops_ring, uniq_menkaure
D:6:      layout_loops_ring, minmay_temple_entry_slanted,
          corexii_hall_statues_s, grunt_ministairs_15, guppyfry_early_elven_hall
D:7:      layout_layer_cave, nicolae_overflow_crystal_walls,
          nicolae_yredelemnul_ghost_church, enter_ossuary_4,
          minmay_fractal_squares_5, uniq_harold
D:8:      layout_gridville, nicolae_gozag_seed_capital, lemuel_tele_altar,
          lair_entry_dummy, enter_bailey_5, kennysheep_island_fort
D:9:      layout_rooms, erik_orc_1
Orc:1:    layout_diamond_mine, ebering_ghost_disaster_area, uniq_jorgrun
Orc:2:    grunt_orc_community_town_hall, layout_caves,
          grunt_orc_community_big_house_1, grunt_orc_community_big_house_2,
          grunt_orc_community_house_2, grunt_orc_community_house_1,
          grunt_orc_community_house_1, grunt_orc_community_house_3

Skill      XL: |  1  2  3  4  5  6  7  8  9 10 11 |
---------------+----------------------------------+-----
Transmutations | 2 3 4 5 6 |  6.7
Spellcasting   | 4 5 6 7 8 9 10 | 10.3
Earth Magic    | 4 5 6 7 8 |  8.9
Conjurations   | 1 2 |  2.6
Short Blades   | 1 2 3 4 5 6 |  6.6
Stealth        | 3 4 5 6 7 9 |  9.1
Dodging        | 3 4 5 |  5.6
Fighting       | 1 2 3 |  3.1
Invocations    | 1 2 |  2.5
Evocations     | 2 |  2.6
Hexes          | 3 5 7 |  7.1
Armour         | 2 3 |  3.5
Shields        | 2 3 |  3.3

Action                   |  1- 3 |  4- 6 |  7- 9 | 10-12 || total
-------------------------+-------+-------+-------+-------++-------
Melee: Whip              |    17 |       |       |       ||    17
       Dagger            |     5 |    31 |       |       ||    36
       Short sword       |       |    51 |   214 |   538 ||   803
       Punch             |       |     1 |     4 |       ||     5
 Cast: Sandblast         |    46 |    55 |    64 |    11 ||   176
       Stone Arrow       |       |     3 |     9 |    12 ||    24
       Petrify           |       |       |    17 |    46 ||    63
       Cause Fear        |       |       |     1 |       ||     1
Evoke: Wand              |       |     1 |     1 |     1 ||     3
  Use: Scroll            |       |     2 |    11 |    10 ||    23
       Potion            |       |       |       |     1 ||     1
 Stab: Sleeping          |     2 |     8 |     7 |    21 ||    38
       Petrified         |       |       |     9 |    58 ||    67
       Petrifying        |       |       |     1 |     4 ||     5
       Distracted        |       |       |       |     2 ||     2
Armor: Robe              |     7 |    17 |       |       ||    24
       Leather armour    |       |     7 |    92 |    13 ||   112
       Troll leather arm |       |       |       |   170 ||   170
Dodge: Dodged            |    24 |    49 |   133 |   275 ||   481
Block: Buckler           |       |       |       |   100 ||   100
